 Dungeon Crawl Stone Soup version 0.27-a0-385-g3208abaabc (webtiles) character file.

Game seed: 16274240081659797787

100 ArcanElement the Sneak (level 4, -8/25 HPs)
             Began as a Vampire Enchanter on Feb 18, 2021.
             Was an Initiate of Kikubaaqudgha.
             Killed by divine providence
             ... invoked by an orc priest
              (10 damage)
             ... on level 2 of the Dungeon on Feb 19, 2021.
             The game lasted 00:08:20 (2492 turns).

ArcanElement the Sneak (Vampire Enchanter)          Turns: 2492, Time: 00:08:21

Health: -8/25      AC:  0    Str:  5 (7)  XL:     4   Next: 47%
Magic:  1/7        EV: 20    Int: 15 (17) God:    Kikubaaqudgha [......]
Gold:   200        SH:  0    Dex: 18 (20) Spells: 1/7 levels left

rFire    . . .     SeeInvis +   (weapon currently unavailable)
rCold    + + .     Faith    .   (shield currently unavailable)
rNeg     + + +     Spirit   .   (armour currently unavailable)
rPois    ∞         Reflect  .   (helmet currently unavailable)
rElec    .         Harm     .   (cloak currently unavailable)
rCorr    .         Rampage  .   (gloves currently unavailable)
Will     .....                  (boots currently unavailable)
Stlth    +++++.....             (no amulet)
HPRegen  0.00/turn              (ring currently unavailable)
MPRegen  0.10/turn              (ring currently unavailable)

@: bat-form, flying, very slightly contaminated, bloodless, very quick
A: tiny, fangs 3, see invisible
a: Revivify, Stop Flying, End Transformation, Renounce Religion


You were on level 2 of the Dungeon.
You worshipped Kikubaaqudgha.
Kikubaaqudgha was noncommittal.
You were in vampire-bat-form.
You visited 1 branch of the dungeon, and saw 3 of its levels.

You collected 200 gold pieces.

Inventory:

Hand Weapons
 a - a +1 dagger (melded)
Armour
 b - a +0 robe (melded)
 j - a +0 helmet (melded)
Jewellery
 c - a ring of positive energy (melded)
 d - a +6 ring of dexterity (melded)
Wands
 g - a wand of paralysis (5)
Scrolls
 f - a scroll of amnesia {unknown}
 h - a scroll of fog {unknown}
 i - a scroll of magic mapping {unknown}
 k - 2 scrolls of noise {unknown}
 m - a scroll of teleportation {unknown}
Potions
 e - a potion of attraction
 n - a potion of curing
 o - a potion of might
 p - a potion of heal wounds {unknown}


   Skills:
 + Level 1.1 Fighting
 + Level 2.8 Short Blades
 - Level 2.2 Dodging
 + Level 5.9 Stealth
 - Level 2.0 Spellcasting
 - Level 5.2 Hexes


You had one spell level left.
You knew the following spells:

 Your Spells              Type           Power        Failure   Level
a - Corona                Hex            18%          2%          1
b - Ensorcelled Hibernat  Hex/Ice        18%          12%         2
c - Confusing Touch       Hex            17%          8%          3

Your spell library contained the following spells:

 Spells                   Type           Power        Failure   Level
 Tukima's Dance           Hex            17%          8%          3
 Dazzling Flash           Conj/Hex       18%          22%         3


Dungeon Overview and Level Annotations

Branches:
Dungeon (3/15)

Altars:
Kikubaaqudgha


Innate Abilities, Weirdness & Mutations

You do not regenerate when monsters are visible.
You are frail without blood (-20% HP).
You can heal yourself when you bite living creatures.
You are immune to poison.
You have razor-sharp teeth.
You have supernaturally acute eyesight. (SInv)
((You can survive without breathing.))


Message History

The orc barely misses you. The orc closely misses you.
The orc priest misses you.
The orc priest hits you with a +0 hand axe!
You climb upwards.
There is a stone staircase leading down here.
Unknown command.
Cast which spell? (? or * to list)
Aiming: Ensorcelled Hibernation (safe; 10% risk of failure)
Press: ? - help, Shift-Dir - straight line, f - orc priest
Aim: an orc priest, wielding a +0 hand axe and wearing a +0 chain mail (chance to affect: 41%)
The orc priest resists with some effort.
The orc barely misses you. x2; The orc priest closely misses you.
Casting: Ensorcelled Hibernation (safe; 10% risk of failure)
Confirm with . or Enter, or press ? or * to list all spells.
Aiming: Ensorcelled Hibernation (safe; 10% risk of failure)
Press: ? - help, Shift-Dir - straight line, f/p - orc priest
Aim: an orc priest, wielding a +0 hand axe and wearing a +0 chain mail (chance to affect: 41%)
You miscast Ensorcelled Hibernation.
You are very lightly contaminated with residual magic.
Nothing appears to happen.
The orc hits you with a +0 hand axe. The orc misses you.
The orc priest hits you with a +0 hand axe!
* * * LOW HITPOINT WARNING * * *
Unknown command.
Unknown command.
You turn into a vampire bat.
Your +1 dagger melds into your body.
Your +0 helmet melds into your body.
Your +0 robe melds into your body.
Your ring of positive energy melds into your body.
Your +6 ring of dexterity melds into your body.
You feel clumsy.
You feel weakened.
You feel dopey.
You feel clumsy. The orc closely misses you. The orc hits you with a +0 club.
* * * LOW HITPOINT WARNING * * *
The orc priest barely misses you.
Unknown command.
The orc closely misses you. The orc completely misses you.
The orc priest looks encouraged for a moment.
The orc priest calls down the wrath of Beogh upon you.
Beogh smites you!
You die...
Kikubaaqudgha rasps: "You have failed me!
Welcome... oblivion!"

#...# #>..#
########o..#
#........o.#
#.#######..#
####.# #.o#
#....# #..#
#.####
#####..#######
#.#
#(....b......#
#.#
#.###..#####.#
#.# #.# #....#
#.# ## #.# #.#
##.#.# #.# .#
#.# #.####.#.#
#.# .# #.#
#.#....#.# #.#
.# #.###
#.#.####.# #.#
.# #...##
#.#.# #.# #.#
.#
###..###.#.#
#.# #.#


You could see an orc priest and 2 orcs.

Vanquished Creatures
  3 gnolls (D:2)
  An adder (D:2)
  An ooze (D:2)
  A worm (D:2)
  2 dart slugs
  8 bats
  7 goblins
  7 hobgoblins
  4 jackals
  A quokka (D:2)
  A frilled lizard (D:1)
  6 kobolds
  8 rats
50 creatures vanquished.

Vanquished Creatures (others)
  6 plants (D:2)
6 creatures vanquished.

Grand Total: 56 creatures vanquished

Notes
Turn   | Place    | Note
-------+----------+-------------------------------------------
     0 | D:1      | ArcanElement the Vampire Enchanter began the quest for the
                  | Orb.
     0 | D:1      | Reached XP level 1. HP: 13/13 MP: 3/3
   395 | D:1      | Reached XP level 2. HP: 15/15 MP: 5/5
   438 | D:1      | Learned a level 2 spell: Ensorcelled Hibernation
   530 | D:1      | Reached skill level 5 in Stealth
   699 | D:1      | Reached skill level 5 in Hexes
   875 | D:1      | Reached XP level 3. HP: 14/19 MP: 3/6
  1746 | D:2      | Reached XP level 4. HP: 24/24 MP: 7/7
  1749 | D:2      | Reached skill level 1 in Fighting
  1845 | D:2      | Found an ancient bone altar of Kikubaaqudgha.
  2444 | D:2      | Became a worshipper of Kikubaaqudgha
  2449 | D:2      | Learned a level 3 spell: Confusing Touch
  2492 | D:2      | Killed from afar by an orc priest

Illustrated notes

Levels and vault maps discovered:
D:1:      dpeg_cavernosity, layout_basic, minmay_pentomino_s4
D:2:      layout_loops_ring, lemuel_round_altar, serial_bayou_lagoon_b
D:3:      layout_loops_corners, nicolae_overflow_hidden_temple,
          lemuel_doored_altar, gammafunk_ghost_mausoleum,
          serial_co_window_serial, co_window_paths_b,
          co_window_of_opportunity_a, co_window_cross_1, co_window_paths_b,
          co_window_corner_a, co_window_paths_b, co_window_paths_a,
          co_window_unsneaky_path_e, co_window_broadway_c, co_window_paths_c,
          glass_columns_b, glass_columns_a, glass_columns_c, glass_columns_a,
          glass_columns_a, uniq_ijyb

Skill      XL: |  1  2  3  4 |
---------------+-------------+-----
Stealth        | 5 |  5.9
Short Blades   | 2 |  2.8
Hexes          | 5 |  5.2
Fighting       | 1 |  1.1
Dodging        | |  2.2
Spellcasting   | |  2.0

Action                   |  1- 3 |  4- 6 || total
-------------------------+-------+-------++-------
Melee: Dagger            |    71 |    14 ||    85
       Bite              |     4 |     1 ||     5
 Cast: Corona            |     6 |       ||     6
       Ensorcelled Hiber |     8 |     3 ||    11
 Abil: Exsanguinate      |     1 |       ||     1
       Bat Form          |       |     1 ||     1
  Use: Scroll            |     3 |     1 ||     4
 Stab: Sleeping          |    34 |     7 ||    41
Armor: Robe              |    13 |       ||    13
Dodge: Dodged            |    35 |    15 ||    50

Table legend: (Time is in decaauts)
 A = Elapsed time spent in this place.
 B = Non-inter-level travel time spent in this place.
 C = Inter-level travel time spent in this place.
 D = Time resting spent in this place.
 E = Time spent auto-exploring this place.
 F = Levels seen in this place.
 G = Mean time per level.
                   A        B        C        D        E       F      G
               +--------+--------+--------+--------+--------+-----+--------+
         Total |   2510 |   2387 |    123 |    548 |   1444 |   3 |  836.7 |
       Dungeon |   2510 |   2387 |    123 |    548 |   1444 |   3 |  836.7 |
               +--------+--------+--------+--------+--------+-----+--------+

Top non-repeatable levels by time:
     D:1: 1304 daAuts
     D:2: 1201 daAuts
     D:3: 4 daAuts
